 Dungeon Crawl Stone Soup version 0.31-a0-233-g139696dc86 (webtiles) character file.

Game seed: 657439786935049982

301 qw the Shooter (level 6, -3/51 HPs)
             Began as a Minotaur Hexslinger on July 7, 2023.
             Slain by a black bear (8 damage)
             ... on level 4 of the Dungeon.
             The game lasted 00:01:17 (2183 turns).

qw the Shooter (Minotaur Hexslinger)                Turns: 2183, Time: 00:01:18

Health: -3/51      AC:  7    Str: 12    XL:     6   Next: 14%
Magic:  0/6        EV: 11    Int: 10    God:
Gold:   65         SH:  0    Dex: 15    Spells: 6/7 levels left

rFire   . . .        Y - +1 sling
rCold   . . .        (no shield)
rNeg    . . .        b - +0 ring mail
rPois   .            (helmet restricted)
rElec   .            (no cloak)
rCorr   .            c - +0 pair of gloves
SInv    .            i - +0 pair of boots
Will    .....        j - amulet of guardian spirit
Stlth   +            (no ring)
HPRegen 0.28/turn    (no ring)
MPRegen 0.10/turn

%: guardian spirit
@: no status effects
A: horns 2, retaliatory headbutt
a: no special abilities


You were on level 4 of the Dungeon.
You visited 1 branch of the dungeon, and saw 4 of its levels.

You collected 217 gold pieces.
You spent 152 gold pieces at shops.


Innate Abilities, Weirdness & Mutations

You have a pair of horns on your head.
You reflexively headbutt those who attack you in melee.


   Skills:
 + Level 3.0 Fighting
 - Level 6.5 Ranged Weapons
 - Level 1.0 Armour
 - Level 2.1 Dodging
 - Level 1.0 Spellcasting
 - Level 2.0 Hexes


You had 6 spell levels left.
You knew the following spells:

 Your Spells              Type           Power      Damage    Failure   Level
a - Slow                  Hex            16%        N/A       34%         1

Your spell library contained the following spells:

 Spells                   Type           Power      Damage    Failure   Level
 Inner Flame              Hex/Fire       2%         N/A       83%         3
 Portal Projectile        Hex/Tloc       4%         N/A       83%         3
 Cause Fear               Hex            2%         N/A       98%         4

Inventory:

Hand Weapons
 Y - a +1 sling (weapon)
Armour
 b - a +0 ring mail (worn)
 c - a +0 pair of gloves (worn)
 i - a +0 pair of boots (worn)
Jewellery
 g - a ring of fire
 j - an amulet of guardian spirit (around neck)
Scrolls
 d - a scroll of enchant weapon {unknown}
 e - a scroll of identify
Potions
 a - a potion of might {unknown}
 f - a potion of invisibility {unknown}

Dungeon Overview and Level Annotations

Branches:
Dungeon (4/15)
 Temple: D:4-7

Altars:
Gozag

Shops:
D:2 [   D:3 *

Annotations:
D:4 Dowan


Message History

Dowan blinks!
The black bear bites you. The black bear claws you. x2
You shoot a sling bullet. The sling bullet hits the black bear.
The black bear is moderately wounded.
The black bear closely misses you. The black bear claws you.
The black bear claws you but does no damage.
You shoot a sling bullet. The sling bullet hits the black bear.
The black bear is moderately wounded.
The black bear bites you. The black bear barely misses you.
The black bear closely misses you.
You shoot a sling bullet. The sling bullet hits the black bear.
The black bear is heavily wounded.
The black bear bites you but does no damage.
The black bear claws you but does no damage. x2
The black bear bites you.
The black bear claws you but does no damage. x2
You shoot a sling bullet. The sling bullet hits the black bear.
The black bear is heavily wounded.
You are no longer glowing.
The black bear closely misses you.
The black bear claws you but does no damage.
The black bear claws you.
You shoot a sling bullet.
The sling bullet hits the black bear but does no damage.
The black bear is heavily wounded.
The black bear closely misses you. x3
You shoot a sling bullet.
The sling bullet hits the black bear but does no damage.
The black bear is heavily wounded.
Dowan casts a spell.
Dowan blinks!
The black bear barely misses you. You furiously retaliate!
You headbutt the black bear. The black bear claws you. x2
You shoot a sling bullet. The sling bullet hits the black bear.
The black bear is almost dead.
The black bear bites you but does no damage.
The black bear barely misses you. The black bear closely misses you.
The black bear goes berserk!
You shoot a sling bullet. The sling bullet hits the black bear.
The black bear is almost dead.
The black bear bites you!
You die...

### +>. .#
#.######...##
#.#..@he.....
#.#.####.#..#
###.#.#
#.....#
#.#.######.
#.#........
#.#.#######
#.#.# #.#.#


You could see a black bear (berserk) and Dowan (fast).

Vanquished Creatures
  Duvessa (D:4)
  2 orc priests (D:3)
  An iguana (D:4)
  Robin (D:3)
  A gnoll (D:2)
  4 adders
  A worm (D:2)
  2 dart slugs (D:2)
  3 orcs (D:3)
  4 endoplasms
  10 goblins
  2 hobgoblins
  3 quokkas
  4 ball pythons
  7 bats
  2 frilled lizards
  6 kobolds
  4 rats
58 creatures vanquished.

Notes
Turn   | Place    | Note
-------+----------+-------------------------------------------
     0 | D:1      | qw the Minotaur Hexslinger began the quest for the Orb.
     0 | D:1      | Reached XP level 1. HP: 16/16 MP: 1/1
     0 | D:1      | 0 ||| qw: Version: 0.3-a-46-gb1f654a
     0 | D:1      | 0 ||| qw: Game counter: 3281
     0 | D:1      | 0 ||| qw: Melee chars always use a shield: true
     0 | D:1      | 0 ||| qw: God list: Okawaru
     0 | D:1      | 0 ||| qw: Allow faded altars: false
     0 | D:1      | 0 ||| qw: Do Orc after clearing Dungeon:15 true
     0 | D:1      | 0 ||| qw: Do second Lair branch before Depths: true
     0 | D:1      | 0 ||| qw: Lair rune preference: random
     0 | D:1      | 0 ||| qw: Goals: Normal
     0 | D:1      | 0 ||| PLANNING D:1-11
   169 | D:1      | Reached skill level 3 in Ranged Weapons
   169 | D:1      | Reached XP level 2. HP: 23/23 MP: 2/2
   460 | D:1      | 460 ||| UPGRADING to +0 leather armour.
   470 | D:1      | 470 ||| DROPPING +0 robe.
   471 | D:1      | 471 ||| UPGRADING to +0 pair of boots.
   476 | D:1      | 476 ||| READING scroll labelled ZEECUI TAOXENLONT.
   520 | D:1      | 520 ||| READING scroll labelled VICREI YDEOSHI.
   521 | D:1      | 521 ||| READING scroll labelled ISUIQU CEORO.
   522 | D:1      | 522 ||| DROPPING scroll of poison.
   589 | D:2      | Reached XP level 3. HP: 29/29 MP: 3/3
   696 | D:2      | Found an opulent altar of Gozag.
   726 | D:2      | 726 ||| READING scroll labelled ECAGASHRITITS.
   727 | D:2      | 727 ||| READING scroll labelled AKKOUD EHAUSS.
   728 | D:2      | 728 ||| READING scroll labelled XACHOZ XOGHAFANN.
   746 | D:2      | 746 ||| STAIRDANCE
   750 | D:2      | 750 ||| STAIRDANCE
   754 | D:2      | 754 ||| STAIRDANCE
   758 | D:2      | 758 ||| STAIRDANCE
   762 | D:2      | 762 ||| STAIRDANCE
   766 | D:2      | 766 ||| STAIRDANCE
   770 | D:2      | 770 ||| STAIRDANCE
   774 | D:2      | 774 ||| STAIRDANCE
   778 | D:2      | 778 ||| STAIRDANCE
   782 | D:2      | 782 ||| STAIRDANCE
   786 | D:2      | 786 ||| STAIRDANCE
   790 | D:2      | 790 ||| STAIRDANCE
   794 | D:2      | 794 ||| STAIRDANCE
   798 | D:2      | 798 ||| STAIRDANCE
   802 | D:2      | 802 ||| STAIRDANCE
   806 | D:2      | 806 ||| STAIRDANCE
   810 | D:2      | 810 ||| STAIRDANCE
   814 | D:2      | 814 ||| STAIRDANCE
   818 | D:2      | 818 ||| STAIRDANCE
   822 | D:2      | 822 ||| STAIRDANCE
   840 | D:2      | 840 ||| FLEEEEING.
   842 | D:2      | 842 ||| FLEEEEING.
   844 | D:2      | 844 ||| FLEEEEING.
   845 | D:2      | 845 ||| FLEEEEING.
   846 | D:2      | 846 ||| FLEEEEING.
   847 | D:2      | 847 ||| FLEEEEING.
   848 | D:2      | 848 ||| FLEEEEING.
   849 | D:2      | 849 ||| FLEEEEING.
   857 | D:2      | Reached skill level 4 in Ranged Weapons
   933 | D:2      | Reached XP level 4. HP: 34/36 MP: 4/4
  1060 | D:2      | Found Istrubutu's Antique Armour Shoppe.
  1069 | D:2      | 1069 ||| SHOPLISTING diamond-encrusted leather armour (196
                  | gold, have 129).
  1069 | D:2      | 1069 ||| SHOPLISTING pair of embroidered gloves (210 gold,
                  | have 129).
  1069 | D:2      | 1069 ||| BUYING pair of gloves (126 gold).
  1069 | D:2      | Bought a pair of gloves for 126 gold pieces
  1069 | D:2      | 1069 ||| SHOPLISTING ring mail (112 gold, have 3).
  1179 | D:2      | 1179 ||| UPGRADING to +0 pair of gloves.
  1184 | D:2      | 1184 ||| READING scroll labelled AGEOLY FONIS.
  1319 | D:3      | Found Xap Lah's General Store.
  1336 | D:3      | 1336 ||| SHOPLISTING +4 hand crossbow of flaming (367 gold,
                  | have 56).
  1336 | D:3      | 1336 ||| SHOPLISTING potion of cancellation (104 gold, have
                  | 56).
  1336 | D:3      | 1336 ||| SHOPLISTING potion of enlightenment (65 gold, have
                  | 56).
  1336 | D:3      | 1336 ||| BUYING scroll of identify (26 gold).
  1336 | D:3      | Bought a scroll of identify for 26 gold pieces
  1391 | D:3      | 1391 ||| FLEEEEING.
  1392 | D:3      | 1392 ||| FLEEEEING.
  1393 | D:3      | 1393 ||| FLEEEEING.
  1394 | D:3      | 1394 ||| FLEEEEING.
  1395 | D:3      | 1395 ||| FLEEEEING.
  1396 | D:3      | 1396 ||| FLEEEEING.
  1397 | D:3      | 1397 ||| FLEEEEING.
  1399 | D:3      | 1399 ||| FLEEEEING.
  1400 | D:3      | 1400 ||| FLEEEEING.
  1401 | D:3      | 1401 ||| FLEEEEING.
  1402 | D:3      | 1402 ||| FLEEEEING.
  1403 | D:3      | 1403 ||| FLEEEEING.
  1409 | D:3      | 1409 ||| FLEEEEING.
  1410 | D:3      | 1410 ||| FLEEEEING.
  1416 | D:3      | 1416 ||| FLEEEEING.
  1418 | D:3      | 1418 ||| FLEEEEING.
  1422 | D:3      | 1422 ||| FLEEEEING.
  1423 | D:3      | 1423 ||| FLEEEEING.
  1423 | D:3      | HP: 9/36 [orc priest/divine providence (11)]
  1424 | D:3      | 1424 ||| FLEEEEING.
  1425 | D:3      | 1425 ||| FLEEEEING.
  1426 | D:3      | 1426 ||| FLEEEEING.
  1427 | D:3      | 1427 ||| FLEEEEING.
  1429 | D:3      | 1429 ||| FLEEEEING.
  1430 | D:3      | 1430 ||| FLEEEEING.
  1431 | D:3      | 1431 ||| FLEEEEING.
  1432 | D:3      | 1432 ||| FLEEEEING.
  1433 | D:3      | 1433 ||| FLEEEEING.
  1434 | D:3      | 1434 ||| FLEEEEING.
  1435 | D:3      | 1435 ||| FLEEEEING.
  1437 | D:3      | 1437 ||| FLEEEEING.
  1438 | D:3      | 1438 ||| FLEEEEING.
  1440 | D:3      | 1440 ||| FLEEEEING.
  1441 | D:3      | 1441 ||| FLEEEEING.
  1442 | D:3      | 1442 ||| FLEEEEING.
  1443 | D:3      | 1443 ||| FLEEEEING.
  1444 | D:3      | 1444 ||| FLEEEEING.
  1445 | D:3      | 1445 ||| FLEEEEING.
  1446 | D:3      | 1446 ||| FLEEEEING.
  1451 | D:3      | 1451 ||| STAIRDANCE
  1525 | D:2      | 1525 ||| READING scroll labelled KAKLUMUNAE.
  1526 | D:2      | 1526 ||| DRINKING 2 viscous yellow potions.
  1535 | D:3      | Reached skill level 5 in Ranged Weapons
  1581 | D:3      | Reached skill level 3 in Fighting
  1581 | D:3      | Reached XP level 5. HP: 45/45 MP: 5/5
  1678 | D:3      | Noticed Robin
  1683 | D:3      | Reached skill level 1 in Armour
  1687 | D:3      | Killed Robin
  1979 | D:3      | 1979 ||| UPGRADING to +0 ring mail.
  1989 | D:3      | 1989 ||| DROPPING +0 leather armour.
  1990 | D:3      | 1990 ||| UPGRADING to amulet of guardian spirit.
  1995 | D:3      | 1995 ||| DROPPING amulet of magic regeneration.
  2154 | D:4      | Noticed Dowan
  2154 | D:4      | Noticed Duvessa
  2158 | D:4      | Noticed a black bear
  2166 | D:4      | HP: 7/45 [Duvessa/+0 short sword (7)]
  2167 | D:4      | 2167 ||| DRINKING 2 potions of heal wounds.
  2171 | D:4      | Killed Duvessa
  2172 | D:4      | Reached skill level 6 in Ranged Weapons
  2172 | D:4      | Reached XP level 6. HP: 14/51 MP: 1/6
  2173 | D:4      | HP: 10/51 [Dowan/+0 dagger (4)]
  2174 | D:4      | 2174 ||| DRINKING potion of heal wounds.
  2178 | D:4      | HP: 10/51 [black bear (1)]
  2181 | D:4      | HP: 4/51 [black bear (3)]
  2183 | D:4      | Slain by a black bear

Levels and vault maps discovered:
D:1:      spicycebolla_arrival_ecumenical, layout_rooms, minmay_tromino_v4_b
D:2:      kennysheep_big_flooded_room, layout_rooms, serial_shops,
          nicolae_shop_dealshenge, basic_altar, minmay_fractal_squares_5
D:3:      layout_basic, serial_shops, nicolae_shop_window_shopping,
          eino_curves_04, roderic_lattice_a, hangedman_decor_points,
          serial_bayou_pond_d, dk_vineyard_3, minmay_misc_feat_tiny,
          minmay_misc_feat_doors, uniq_robin
D:4:      layout_basic, mainiacjoe_overflow_tiny_flanked,
          mainiacjoe_overflow_boulevard, minmay_temple_entry_mini_moons,
          amcnicky_mini_corridor_feature, kennysheep_cross_room, uniq_grinder,
          uniq_duvessa

Skill      XL: |  1  2  3  4  5 |
---------------+----------------+-----
Ranged Weapons | 3 4 5 6 |  6.5
Fighting       | 2 3 |  3.0
Armour         | 1 |  1.0
Dodging        | |  2.1
Spellcasting   | |  1.0
Hexes          | |  2.0

Action                     |  1- 3 |  4- 6 || total
---------------------------+-------+-------++-------
   Fire: Sling             |   122 |   110 ||   232
    Use: Scroll            |     6 |     2 ||     8
         Potion            |       |     3 ||     3
 Armour: Robe              |    12 |       ||    12
         Leather armour    |    17 |    11 ||    28
         Ring mail         |       |    17 ||    17
  Dodge: Dodged            |    47 |    43 ||    90

Table legend:
 A = Non-vault XP
 B = Vault XP
 C = Vault XP percentage of total XP
 D = Non-vault monster count
 E = Vault monster count
 F = Vault count percentage of total count
                 A         B        C        D         E       F
            +---------+---------+-------+---------+---------+-------
      Total |     226 |     205 |  47.6 |      39 |      19 |  32.8
            +---------+---------+-------+---------+---------+-------
        D:1 |      22 |       2 |   8.3 |      14 |       2 |  12.5
        D:2 |      52 |      32 |  38.1 |      10 |       8 |  44.4
        D:3 |     102 |      29 |  22.1 |      13 |       8 |  38.1
        D:4 |      50 |     142 |  74.0 |       2 |       1 |  33.3
            +---------+---------+-------+---------+---------+-------
